 Dungeon Crawl Stone Soup version 0.29.1-15-g9cfb28693d (webtiles) character file.

Game seed: 3555666135530364017

2 hawla the Firebug (level 1, -5/14 HPs)
             Began as a Meteoran Fire Elementalist on Mar 22, 2023.
             Killed from afar by Ijyb (13 damage)
             ... with a puff of flame
             ... on level 3 of the Dungeon.
             The game lasted 00:00:20 (76 turns).

hawla the Firebug (Meteoran Fire Elementalist)        Turns: 76, Time: 00:00:21

Health: -5/14      AC:  2    Str:  9    XL:     1   Next: 57%
Magic:  5/5        EV: 12    Int: 16    God:
Gold:   18         SH:  0    Dex: 14    Spells: 4/5 levels left

rFire   . . .      SeeInvis .   (no weapon)
rCold   . . .      Faith    .   (no shield)
rNeg    . . .      Spirit   .   a - +0 robe
rPois   .          Reflect  .   (no helmet)
rElec   .          Harm     .   (no cloak)
rCorr   .          Rampage  .   (no gloves)
Will    .....                   (no boots)
Stlth   +.........              (no amulet)
HPRegen 0.04/turn               (no ring)
MPRegen 0.09/turn               (no ring)

@: glowing
A: sense surroundings 1, otherworldly, glowing, explore regen
a: no special abilities


You were on level 3 of the Dungeon.
You visited 1 branch of the dungeon, and saw 3 of its levels.

You collected 18 gold pieces.

Inventory:

Armour
 a - a +0 robe (worn)
Scrolls
 c - 2 scrolls of fear {unknown}
 d - a scroll of teleportation {unknown}
Potions
 b - a potion of magic


   Skills:
 + Level 2.4 Dodging
 - Level 1.4 Stealth
 + Level 2.7 Spellcasting
 + Level 1.2 Conjurations
 + Level 3.8 Fire Magic


You had 4 spell levels left.
You knew the following spells:

 Your Spells              Type           Power      Damage    Failure   Level
a - Foxfire               Conj/Fire      40%        2x1d6     7%          1

Your spell library contained the following spells:

 Spells                   Type           Power      Damage    Failure   Level
 Scorch                   Fire           28%        2d6       6%          2
 Conjure Flame            Conj/Fire      10%        6-21      21%         3
 Inner Flame              Hex/Fire       8%         N/A       26%         3
 Flame Wave               Conj/Fire      10%        2d6       56%         4


Dungeon Overview and Level Annotations

Branches:
Dungeon (3/15) Zot: 1723

Altars:

Annotations:
D:3 Ijyb


Innate Abilities, Weirdness & Mutations

You passively map a small area around you.
You are easily found by Zot.
You glow in the dark.
You regain HP and MP as you explore.


Message History

You conjure some foxfire!
The foxfire hits the ball python.
The ball python is moderately wounded.
The ball python hisses angrily.
The foxfire hits the ball python.
The ball python is severely wounded.
The foxfire hits the ball python.
You kill the ball python!
Your foxfire dissipates!
Your magical contamination has completely faded away.
You now have 3 gold pieces.
Magic restored.
A giant cockroach comes into view.
Found a scroll labelled LIACHO IDIOH and 15 gold pieces.
Casting: Foxfire (safe; 7% risk of failure)
Confirm with . or Enter, or press ? or * to list all spells.
You conjure some foxfire!
The foxfire hits the giant cockroach.
The giant cockroach is moderately wounded.
You hit the giant cockroach but do no damage.
The giant cockroach is moderately wounded.
The foxfire hits the giant cockroach but does no damage.
The giant cockroach is moderately wounded.
Casting: Foxfire (safe; 7% risk of failure)
Confirm with . or Enter, or press ? or * to list all spells.
You conjure some foxfire!
The giant cockroach completely misses you.
You hit the giant cockroach but do no damage.
The giant cockroach is moderately wounded.
The foxfire hits the giant cockroach.
You kill the giant cockroach!
You see here a giant cockroach corpse.
d - a scroll labelled LIACHO IDIOH
Found a quarterstaff.
You now have 18 gold pieces (gained 15).
c - 2 scrolls labelled EVYUNA ETERCH (gained 1)
Found a long sword.
Ijyb the Twisted Goblin comes into view.
She is wielding a +0 dagger and carrying a wand of flame (3).
Ijyb zaps a wand.
The puff of flame hits you.
Ijyb zaps a wand.
The puff of flame hits you!
Ouch! That really hurt!
You die...

...# ...# , ,,
............. ...###
..#......... ......,
........... ...... ,
*####.......... ..#*##
............. ###.. *
**#...........
##..#########.#.........
................@../....
##.######.######...)....*
......###.# .........
..........# #......... *
........### #..g......
......#.# * *#......... *
......#... , ..........
......#####* *##........
......#


You could see Ijyb.

Vanquished Creatures
  A ball python (D:3)
  A giant cockroach (D:3)
2 creatures vanquished.

Vanquished Creatures (others)
  6 foxfires (D:3)
6 creatures vanquished.

Grand Total: 8 creatures vanquished

Notes
Turn   | Place    | Note
-------+----------+-------------------------------------------
     0 | D:1      | hawla the Meteoran Fire Elementalist began the quest for
                  | the Orb.
     0 | D:1      | Reached XP level 1. HP: 14/14 MP: 5/5
    75 | D:3      | Noticed Ijyb
    76 | D:3      | Killed from afar by Ijyb

Illustrated notes

Levels and vault maps discovered:
D:1:      lemuel_arrival_room, layout_basic
D:2:      layout_basic, shapermc_ecumenical_altar_mp_highgroup, basic_altar,
          uniq_sigmund
D:3:      layout_rooms, uniq_terence, uniq_ijyb

Action                   || total
-------------------------++-------
Melee: Unarmed           ||     2
 Cast: Foxfire           ||     4
Dodge: Dodged            ||     1
